 Dungeon Crawl Stone Soup version 0.26-a0-651-gb41185065b (webtiles) character file.

Game seed: 1991254692794423520

1006 lorenzova the Thaumaturge (level 8, -5/41 HPs)
             Began as a Deep Elf Conjurer on Oct 29, 2020.
             Killed by divine providence
             ... invoked by an orc priest
              (11 damage)
             ... on level 4 of the Dungeon.
             The game lasted 00:07:22 (5493 turns).

lorenzova the Thaumaturge (Deep Elf Conjurer)       Turns: 5493, Time: 00:07:23

Health: -5/41      AC:  2    Str:  4    XL:     8   Next: 0%
Magic:  13/23      EV: 13    Int: 26    God:
Gold:   258        SH:  0    Dex: 13    Spells: 22/25 levels left

rFire    . . .     SeeInvis +   l - +1 flail (protect)
rCold    . . .     Faith    .   (no shield)
rNeg     . . .     Spirit   .   a - +0 robe
rPois    .         Reflect  .   (no helmet)
rElec    .         Harm     .   (no cloak)
rCorr    .         Rampage  .   (no gloves)
MR       .....                  (no boots)
Stlth    ++........             (no amulet)
HPRegen  0.13/turn              s - ring of see invisible
MPRegen  0.18/turn              (no ring)

@: no status effects
A: no striking features
a: no special abilities


You were on level 4 of the Dungeon.
You visited 1 branch of the dungeon, and saw 4 of its levels.
You also visited: Ossuary.

You collected 258 gold pieces.

Inventory:

Hand Weapons
 l - a +1 flail of protection (weapon)
Armour
 a - a +0 robe (worn)
Magical Staves
 r - an uncursed staff of conjuration {unknown}
Jewellery
 d - an uncursed ring of ice
 s - a ring of see invisible (left hand)
 C - an uncursed amulet of faith {unknown}
Wands
 p - a wand of disintegration (8)
Scrolls
 b - 2 scrolls of magic mapping
 c - 3 scrolls of remove curse
 e - a scroll of fog {unknown}
 g - 6 scrolls of identify {unknown}
 i - 3 scrolls of teleportation {unknown}
 k - 6 scrolls of amnesia {unknown}
 m - a scroll of noise {unknown}
 o - 2 scrolls of enchant weapon {unknown}
 q - 2 scrolls of immolation {unknown}
 u - a scroll of fear {unknown}
 w - a scroll of holy word {unknown}
 x - a scroll of blinking {unknown}
 y - a scroll of brand weapon {unknown}
Potions
 f - a potion of brilliance {unknown}
 h - 3 potions of lignification {unknown}
 j - a potion of haste {unknown}
 n - 4 potions of curing {unknown}
 t - 3 potions of heal wounds {unknown}
 v - 2 potions of degeneration {unknown}
 z - a potion of flight {unknown}
 A - a potion of stabbing {unknown}
 B - a potion of might {unknown}


   Skills:
 - Level 2.4 Dodging
 - Level 2.4 Stealth
 + Level 9.1 Spellcasting
 + Level 8.4 Conjurations


You had 22 spell levels left.
You knew the following spells:

 Your Spells              Type           Power        Failure   Level
a - Magic Dart            Conj           ####         1%          1
b - Searing Ray           Conj           ######       1%          2

Your spell library contained the following spells:

 Spells                   Type           Power        Failure   Level
 Dazzling Flash           Conj/Hex       ####..       2%          3
 Fulminant Prism          Conj/Hex       ####......   9%          4
 Iskenderun's Mystic Bla  Conj/Tloc      ####....     9%          4


Dungeon Overview and Level Annotations

Branches:
Dungeon (4/15)            Ossuary (visited)
 Temple: D:4-7

Altars:
Nemelex Xobeh
Ru


Message History

You don't know that spell.
The centaur wields a +0 shortbow.
The centaur shoots an arrow.
The arrow misses you.
There are monsters nearby!
Casting: Searing Ray (safe; 1% risk of failure)
Confirm with . or Enter, or press ? or * to list all spells.
Aiming: Searing Ray (safe; 1% risk of failure)
Press: ? - help, Shift-Dir - straight line, f - centaur
Aim: a centaur, wielding a +0 shortbow and quivering 23 arrows (almost dead)
The searing ray hits the centaur!
You kill the centaur!
Your Spellcasting skill increases to level 9!
You have reached level 8!
You feel clever.
The searing ray hits the orc priest!
The orc priest is severely wounded. (Press . to maintain the ray.)
The orc priest invokes the aid of Beogh against you.
Beogh smites you!
You die...

* ##.##.#### * ### #..##.##.# *
* #.### ##.###..#.# *# *
##...#######..###....## *. *
#..##..##o............# ####. *
##.####...######)o.....####....
*##..# #..## ##)....#.........
*#o.## #..# ##......#...###.##
##..# #..# ##@......##..# #.#*
#..## #..# *#.......###..# #.#
o..# #..#*#....#...###..# #.#
..## #.......###..###...# #.#
...#****#.....##* #..#
#.#####.# #....**,...(.#* #..#
#......^# ###...,,,....* ##..#
######### *##.......** #..##
*,,***** *.......##* #..#
*,,,,,,,


You could see an orc priest.

Vanquished Creatures
  An ogre (D:4)
  A centaur (D:4)
  2 centaur zombies (Ossuary)
  3 bullfrog zombies (Ossuary)
  3 orc priests
  2 hounds (D:4)
  An orc wizard (D:4)
  A worker ant (D:4)
  A killer bee zombie (Ossuary)
  A hound zombie (Ossuary)
  14 mummies (Ossuary)
  6 gnolls
  An adder (D:2)
  2 oozes
  2 adder zombies (Ossuary)
  2 worms (D:2)
  2 dart slugs (D:2)
  A leopard gecko (D:2)
  8 orcs
  10 bats
  9 giant cockroaches
  11 goblins
  11 hobgoblins
  5 jackals
  A ball python (D:1)
  4 frilled lizards
  A giant cockroach zombie (Ossuary)
  A jackal zombie (Ossuary)
  4 kobolds
  A leopard gecko zombie (Ossuary)
  2 quokka zombies (Ossuary)
  6 rats
120 creatures vanquished.

Vanquished Creatures (others)
  10 withered plants (Ossuary)
10 creatures vanquished.

Grand Total: 130 creatures vanquished

Notes
Turn   | Place    | Note
-------+----------+-------------------------------------------
     0 | D:1      | lorenzova the Deep Elf Conjurer began the quest for the
                  | Orb.
     0 | D:1      | Reached XP level 1. HP: 10/10 MP: 6/6
   235 | D:1      | Reached XP level 2. HP: 15/15 MP: 5/8
   266 | D:1      | Learned a level 2 spell: Searing Ray
  1165 | D:2      | Reached skill level 4 in Spellcasting
  1165 | D:2      | Reached skill level 5 in Conjurations
  1165 | D:2      | Reached XP level 3. HP: 19/19 MP: 6/10
  1853 | D:2      | Reached XP level 4. HP: 24/24 MP: 2/12
  2054 | D:2      | Reached skill level 5 in Spellcasting
  2640 | D:3      | Reached XP level 5. HP: 28/28 MP: 6/14
  3148 | D:3      | Found a sacrificial altar of Ru.
  3673 | D:4      | Found a sand-covered staircase.
  3687 | Ossuary  | Entered an ossuary
  3695 | Ossuary  | Reached skill level 6 in Spellcasting
  3730 | Ossuary  | Reached XP level 6. HP: 14/32 MP: 0/17
  4092 | Ossuary  | Reached skill level 7 in Spellcasting
  4391 | Ossuary  | Reached XP level 7. HP: 33/36 MP: 13/20
  4656 | Ossuary  | Reached skill level 8 in Spellcasting
  5126 | D:4      | Found a sparkling altar of Nemelex Xobeh.
  5493 | D:4      | Reached skill level 9 in Spellcasting
  5493 | D:4      | Reached XP level 8. HP: 6/41 MP: 12/23
  5493 | D:4      | Killed from afar by an orc priest

Illustrated notes

Levels and vault maps discovered:
D:1:      psy_arrival_basics, layout_basic
D:2:      kb_forest_paths, layout_basic
D:3:      layout_basic, roderic_lattice_a, nicolae_ru_sacrificial_ziggurat
D:4:      layout_layer_cave, nicolae_ossuary_entry_ruins, corner_web_ring,
          nemelex_xobeh_ov_fountains_minmay

Skill      XL: |  1  2  3  4  5  6  7 |
---------------+----------------------+-----
Spellcasting   | 4 5 6 7 9 |  9.1
Conjurations   | 5 6 7 8 |  8.4
Dodging        | |  2.4
Stealth        | |  2.4

Action                   |  1- 3 |  4- 6 |  7- 9 || total
-------------------------+-------+-------+-------++-------
Melee: Flail             |     2 |    14 |       ||    16
 Cast: Magic Dart        |    56 |   109 |    48 ||   213
       Searing Ray       |     4 |    23 |    12 ||    39
  Use: Scroll            |       |       |     2 ||     2
Armor: Robe              |     4 |     7 |     1 ||    12
Dodge: Dodged            |    12 |    26 |     7 ||    45

Table legend: (Time is in decaauts)
 A = Elapsed time spent in this place.
 B = Non-inter-level travel time spent in this place.
 C = Inter-level travel time spent in this place.
 D = Time resting spent in this place.
 E = Time spent auto-exploring this place.
 F = Levels seen in this place.
 G = Mean time per level.
                   A        B        C        D        E       F      G
               +--------+--------+--------+--------+--------+-----+--------+
         Total |   5525 |   5447 |     78 |   2226 |   2598 |   5 | 1105.0 |
       Dungeon |   4366 |   4288 |     78 |   1431 |   2433 |   4 | 1091.5 |
       Ossuary |   1159 |   1159 |      0 |    795 |    165 |   1 | 1159.0 |
               +--------+--------+--------+--------+--------+-----+--------+

Top non-repeatable levels by time:
     D:2: 1487 daAuts
 Ossuary: 1159 daAuts
     D:1: 1081 daAuts
     D:3: 1067 daAuts
     D:4: 730 daAuts
